 Dungeon Crawl Stone Soup version 0.30.1-4-g462c640d31 (webtiles) character file.

Game seed: 12794766315509394124

59 growler the Trooper (level 3, -3/30 HPs)
             Began as a Demonspawn Gladiator on Aug 17, 2023.
             Slain by Grinder (6 damage)
             ... on level 3 of the Dungeon.
             The game lasted 00:02:47 (1349 turns).

growler the Trooper (Demonspawn Gladiator)          Turns: 1349, Time: 00:02:47

Health: -3/30      AC:  6    Str: 14    XL:     3   Next: 78%
Magic:  3/3        EV: 12    Int: 11    God:
Gold:   82         SH:  0    Dex: 14    Spells: 2/2 levels left

rFire   . . .        a - +0 war axe
rCold   . . .        (no shield)
rNeg    . . .        b - +0 leather armour
rPois   .            c - +0 helmet
rElec   .            (no cloak)
rCorr   .            (no gloves)
SInv    .            (no boots)
Will    .....        (no amulet)
Stlth   +            (no ring)
HPRegen 0.25/turn    (no ring)
MPRegen 0.08/turn

%: no passive effects
@: no status effects
A: icy blue scales 1
a: no special abilities


You were on level 3 of the Dungeon.
You visited 1 branch of the dungeon, and saw 3 of its levels.

You collected 82 gold pieces.

Inventory:

Hand Weapons
 a - a +0 war axe (weapon)
Missiles
 d - 3 throwing nets (quivered)
 e - a javelin
Armour
 b - a +0 leather armour (worn)
 c - a +0 helmet (worn)
Jewellery
 i - a ring of protection from cold
Scrolls
 f - a scroll of fear {unknown}
 j - a scroll of fog {unknown}
 k - a scroll of vulnerability {unknown}
 l - a scroll of teleportation {unknown}
 m - a scroll of identify {unknown}
 n - a scroll of immolation {unknown}
Potions
 g - a potion of ambrosia {unknown}
 h - a potion of attraction {unknown}


   Skills:
 + Level 4.2 Fighting
 - Level 2.6 Axes
 - Level 1.7 Throwing
 - Level 2.6 Dodging


You had 2 spell levels left.
You didn't know any spells.
Your spell library contained the following spells:

 Spells                   Type           Power      Damage    Failure   Level
 Apportation              Tloc           0%         N/A       41%         1
 Necrotise                Necr           0%         1d4       41%         1
 Slow                     Hex            0%         N/A       41%         1
 Summon Small Mammal      Summ           0%         N/A       41%         1
 Confusing Touch          Hex            0%         N/A       80%         3
 Vampiric Draining        Necr           0%         2d6       80%         3
 Anguish                  Hex/Necr       0%         N/A       99%         4
 Cause Fear               Hex            0%         N/A       99%         4
 Enfeeble                 Hex            0%         N/A       100%        7


Dungeon Overview and Level Annotations

Branches:
Dungeon (3/15)

Altars:

Shops:
D:1 :

Annotations:
D:3 Grinder


Innate Abilities, Weirdness & Mutations

You are partially covered in icy blue scales. (AC +2)


Message History

The jackal bites you but does no damage.
The jackal closely misses you.
The jackal bites you but does no damage.
The jackal barely misses you. x2
The jackal bites you but does no damage.
Grinder blinks!
You closely miss Grinder. You hit the jackal.
You kill the jackal!
You hit the jackal. You barely miss the jackal.
The jackal closely misses you. x2
Grinder hits you. The jackal closely misses you. The jackal barely misses you.
Unknown command.
You slash Grinder!
Grinder is moderately wounded.
You miss the jackal. You hit the jackal. The jackal misses you.
The jackal closely misses you. Grinder closely misses you.
The jackal barely misses you. The jackal bites you.
You hit Grinder.
Grinder is moderately wounded.
You hit the dart slug but do no damage. You closely miss the jackal.
You barely miss the jackal. Grinder gestures at you.
Pain shoots through your body! The jackal completely misses you.
The jackal closely misses you. The dart slug launches a dart at you.
The slug dart hits you but does no damage.
Grinder hits you.
* * * LOW HITPOINT WARNING * * *
You writhe in agony.
* * * LOW HITPOINT WARNING * * *
The jackal misses you. The jackal closely misses you.
You slash Grinder!
Grinder is heavily wounded.
You hit the dart slug. You barely miss the jackal. x2
The jackal closely misses you. The jackal barely misses you.
The dart slug bites you but does no damage.
Grinder says, "Tell me all your secrets, or I'll kill you."
Grinder hits you.
* * * LOW HITPOINT WARNING * * *
You writhe in agony.
You die...

##. #...
....##
.#....#
.......##
........#
......w5#
......h@#
......h..#
.##...#..#
#####.##
#.# #.#
#.# ..#


You could see Grinder, a dart slug and 2 jackals.

Vanquished Creatures
  An adder (D:2)
  A dart slug (D:1)
  4 bats (D:1)
  5 endoplasms
  A giant cockroach (D:1)
  4 goblins
  5 hobgoblins (D:1)
  8 jackals
  2 kobolds (D:1)
  A quokka (D:2)
  3 ball pythons
  3 frilled lizards
  4 rats
42 creatures vanquished.

Notes
Turn   | Place    | Note
-------+----------+-------------------------------------------
     0 | D:1      | growler the Demonspawn Gladiator began the quest for the
                  | Orb.
     0 | D:1      | Reached XP level 1. HP: 16/16 MP: 1/1
   108 | D:1      | Gained mutation: You are partially covered in icy blue
                  | scales. (AC +2) [demonic ancestry]
   108 | D:1      | Reached XP level 2. HP: 23/23 MP: 2/2
   167 | D:1      | Reached skill level 3 in Fighting
   273 | D:1      | Found Jururch's Book Shoppe.
   540 | D:1      | Reached XP level 3. HP: 29/29 MP: 3/3
  1201 | D:2      | Reached skill level 4 in Fighting
  1343 | D:3      | Noticed Grinder
  1349 | D:3      | Slain by Grinder

Illustrated notes

Levels and vault maps discovered:
D:1:      mrwooster_arrival_statue_2, layout_loops_ring, serial_shops,
          nicolae_shop_tiny_real_fake_doors, minmay_statues_item,
          glass_columns_a
D:2:      layout_loops_ring
D:3:      layout_rooms, kennysheep_slug_shrine, serial_curves, eino_curves_02,
          eino_curves_01, eino_curves_03, eino_curves_03, minmay_bisected,
          uniq_crazy_yiuf_cottage, uniq_grinder

Skill      XL: |  1  2  3 |
---------------+----------+-----
Fighting       | 3 4 |  4.2
Axes           | |  2.6
Throwing       | |  1.7
Dodging        | |  2.6

Action                     || total
---------------------------++-------
  Melee: War axe           ||    98
   Stab: Sleeping          ||     1
 Armour: Leather armour    ||    42
  Dodge: Dodged            ||    95
